 Dungeon Crawl Stone Soup version 0.29-a0-902-g0f71de6fce (webtiles) character file.

Game seed: 14442639185123772110

72107 greasedhog the Fighter (level 15, 0/151 HPs)
             Began as a Gargoyle Monk on July 25, 2022.
             Was a High Priest of Qazlal.
             Slain by purpskrrrp's ghost (9 damage)
             ... on level 1 of the Orcish Mines.
             The game lasted 00:43:44 (16767 turns).

greasedhog the Fighter (Gargoyle Monk)             Turns: 16767, Time: 00:43:44

Health: 0/151      AC: 30    Str: 25 (28) XL:     15   Next: 38%
Magic:  18/22      EV:  2    Int: 10 (11) God:    Qazlal [*****.]
Gold:   1615       SH: 14    Dex: 10 (12) Spells: 14/14 levels left

rFire   + . .      SeeInvis .   a - +4 demon whip (venom)
rCold   + . .      Faith    .   W - +2 buckler
rNeg    + + .      Spirit   .   (body armour currently unavailable)
rPois   ∞          Reflect  .   (helmet currently unavailable)
rElec   +          Harm     .   (cloak currently unavailable)
rCorr   +          Rampage  .   (gloves currently unavailable)
Will    +....      NoTele   +   (boots currently unavailable)
Stlth   +.........              v - amulet of regeneration
HPRegen 1.15/turn               j - +6 ring of strength
MPRegen 0.18/turn               I - ring of positive energy

@: tree-form, resistant, protected from physical damage, repel missiles
A: stationary, stasis, torment immunity, boosted hp, sickness immunity, AC +11,
(big wings), negative energy resistance 1, (electricity resistance), torment
resistance 1, petrification resistance, (cold resistance 1), mutation resistance
1, wild magic 1, noise suppression
a: Renounce Religion, Upheaval, Elemental Force, Disaster Area


You were on level 1 of the Orcish Mines.
You worshipped Qazlal.
Qazlal was extremely pleased with you.
You were a tree.
You visited 4 branches of the dungeon, and saw 18 of its levels.
You also visited: Sewer and Gauntlet.

You collected 2138 gold pieces.
You spent 523 gold pieces at shops.

Inventory:

Hand Weapons
 a - a +4 demon whip of venom (weapon)
 M - a +1 vampiric mace
Missiles
 k - a curare-tipped dart (quivered)
 A - 5 throwing nets
Armour
 n - the +2 pair of gloves "Batah" (melded) {Contam +Blink rC++ rN+}
   (You found it on level 8 of the Dungeon)

   rC:        It greatly protects you from cold.
   rN:        It protects you from negative energy.
   +Blink:    It lets you blink.
   Contam:    It causes magical contamination when unequipped.
 y - a +2 helmet of see invisible (melded)
 O - a +2 cloak of preservation (melded)
 Q - a +0 plate armour (melded)
 R - the +1 pair of boots "Goteucast" (melded) {rF++ SInv}
   (You found it in a Gauntlet)

   rF:        It greatly protects you from fire.
   SInv:      It lets you see invisible.
 W - a +2 buckler (worn)
Jewellery
 j - a +6 ring of strength (left branch)
 v - an amulet of regeneration (around neck)
 z - an amulet of reflection
 I - a ring of positive energy (right branch)
Wands
 e - a wand of digging (7)
 g - a wand of polymorph (6)
 o - a wand of mindburst (15)
 p - a wand of roots (23)
 x - a wand of light (7)
 F - a wand of paralysis (14)
 S - a wand of flame (9)
Scrolls
 d - 2 scrolls of immolation
 h - 3 scrolls of butterflies
 l - 6 scrolls of fear
 q - 2 scrolls of amnesia
 r - 3 scrolls of blinking
 u - 4 scrolls of vulnerability
 C - 2 scrolls of magic mapping
 D - 6 scrolls of teleportation
 E - 2 scrolls of enchant armour
 G - a scroll of poison
 H - a scroll of brand weapon
 K - a scroll of summoning
 L - 2 scrolls of identify
Potions
 b - 2 potions of might {unknown}
 c - 2 potions of ambrosia
 f - 5 potions of curing
 i - 2 potions of heal wounds {unknown}
 m - 3 potions of magic
 s - 2 potions of lignification
 t - 2 potions of degeneration
 w - 2 potions of resistance
 B - 2 potions of berserk rage
 J - a potion of attraction {unknown}
 N - 2 potions of mutation
 V - 2 potions of haste {unknown}
Miscellaneous
 U - a piece from Xom's chessboard (15/15)


   Skills:
 * Level 14.5 Fighting
 - Level 12.0 Maces & Flails
 - Level 10.0 Armour
 * Level 7.7 Dodging
 - Level 2.1 Stealth
 - Level 10.0 Shields
 - Level 10.0 Invocations
 - Level 10.2 Evocations


You had 14 spell levels left.
You didn't know any spells.
Your spell library contained the following spells:

 Spells                   Type           Power      Damage    Failure   Level
 Magic Dart               Conj           0%         1d3       50%         1
 Necrotise                Necr           0%         1d4       50%         1
 Call Imp                 Summ           0%         N/A       65%         2
 Ensorcelled Hibernation  Hex/Ice        0%         N/A       65%         2
 Mephitic Cloud           Conj/Pois/Air  0%         N/A       86%         3
 Ozocubu's Armour         Ice            0%         N/A       86%         3
 Portal Projectile        Hex/Tloc       0%         N/A       86%         3
 Tukima's Dance           Hex            0%         N/A       86%         3
 Vampiric Draining        Necr           0%         2d6       86%         3
 Airstrike                Air            0%         0-1+      99%         4
 Animate Dead             Necr           0%         N/A       99%         4
 Corpse Rot               Necr/Pois/Air  0%         N/A       99%         4
 Dispel Undead            Necr           0%         3d6       99%         4
 Summon Lightning Spire   Summ/Air       0%         N/A       99%         4
 Agony                    Necr           0%         N/A       100%        5
 Blade Hands              Tmut           0%         N/A       100%        5
 Borgnjor's Vile Clutch   Necr/Erth      0%         N/A       100%        5
 Lightning Bolt           Conj/Air       0%         1d11      100%        5
 Death Channel            Necr           0%         N/A       100%        6
 Ozocubu's Refrigeration  Ice            0%         4d5       100%        7
 Discord                  Hex            0%         N/A       100%        8


Dungeon Overview and Level Annotations

Branches:
Dungeon (11/15)            Temple (1/1) D:4            Lair (5/5) D:8
  Swamp (0/4) Lair:2       Spider (0/4) Lair:3        Slime (0/5) Lair:4
    Orc (1/2) D:10          Sewer (visited)         Gauntlet (visited)

Altars:
Ashenzari
Cheibriados
Dithmenos
Elyvilon
Fedhas
Gozag
Hepliaklqana
Kikubaaqudgha
Makhleb
Nemelex Xobeh
Okawaru
Qazlal
Ru
Sif Muna
Trog
Uskayaw
Vehumet
Wu Jian
Xom
Yredelemnul
Zin
The Shining One
Jiyva

Shops:
D:4 *   D:6 ?   Orc:1 [(

Annotations:
Orc:1 1 transporter, purpskrrrp's ghost, adept FoFi


Innate Abilities, Weirdness & Mutations

You are a tree.
Your roots penetrate the ground, keeping you stationary.
You cannot be teleported.
You are immune to unholy pain and torment.
Your maximum health is greatly increased.
Your equipment is partially melded.
You are immune to sickness and miasma.
((Your stone body is resilient. (AC +11)))
You are immune to poison.
((Your large and strong wings let you fly.))
You resist negative energy. (rN+)
((You are resistant to electric shocks. (rElec)))
You are resistant to unholy torment.
You are immune to petrification.
((Your flesh is cold resistant. (rC+)))
You are somewhat resistant to further mutation.
Your spells are a little harder to cast, but a little more powerful.
You passively dampen the noise of your surroundings.


Message History

The stunning burst hits purpskrrrp's ghost but does no damage.
Your fire elemental hits purpskrrrp's ghost.
You block purpskrrrp's ghost's attack.
You hit purpskrrrp's ghost but do no damage.
Purpskrrrp's ghost is heavily damaged.
Your air elemental fires a burst of electricity at purpskrrrp's ghost.
The stunning burst hits purpskrrrp's ghost but does no damage.
You completely miss purpskrrrp's ghost.
Purpskrrrp's ghost is heavily damaged.
Your air elemental hits purpskrrrp's ghost but does no damage.
Your fire elemental barely misses purpskrrrp's ghost.
Purpskrrrp's ghost hits you!!
* * * LOW HITPOINT WARNING * * *
x2 Your air elemental barely misses purpskrrrp's ghost.
It was a potion of mutation.
You feel extremely strange.
You feel less in control of your magic.
You feel resistant to cold.
You feel your surroundings grow quieter.
You feel genetically stable.
Your air elemental hits purpskrrrp's ghost but does no damage.
Your fire elemental barely misses purpskrrrp's ghost.
Your air elemental misses purpskrrrp's ghost.
You block purpskrrrp's ghost's attack.
It was a potion of resistance.
You feel protected.
Your air elemental fires a burst of electricity at purpskrrrp's ghost.
The stunning burst hits purpskrrrp's ghost but does no damage.
Your fire elemental barely misses purpskrrrp's ghost.
Your air elemental barely misses purpskrrrp's ghost.
Purpskrrrp's ghost hits your air elemental!
Your fire elemental closely misses purpskrrrp's ghost.
Your air elemental hits purpskrrrp's ghost but does no damage.
It was a potion of degeneration.
There was something very wrong with that liquid.
You feel weakened.
You feel dopey.
You feel clumsy.
Your air elemental hits purpskrrrp's ghost but does no damage.
Your air elemental fires a burst of electricity at purpskrrrp's ghost.
The stunning burst misses purpskrrrp's ghost.
Your fire elemental hits purpskrrrp's ghost.
Purpskrrrp's ghost hits you!
You die...

###### #...##### ##.##.##
##.....##.
#......################.........
##.....##.............##.#...#..
##....#...............####)÷...
#........#########...####.....
##....#..##©..°...##.)#)#...#..
#........#8.#°E°#.8#...))#...#.
##.#.....#...#♣#☼$.#........#.#
##......#!.§EW)○..#........... #
##....©#[.°E©°○..#©......##.# #
##.....#$........#.......##.# #
#...#..#[..#.#...#......##...
#......#8.#...#.8#.......##..
##..#..##.......##.......###.
#.......#########............
###
##..#.......................[


You could see purpskrrrp's ghost (ally target), 2 friendly fire elementals and a
friendly air elemental (summoned).

Vanquished Creatures
  An entropy weaver (Gauntlet)
  A minotaur (Gauntlet)
  Fannar (Lair:1)
  3 boulder beetles
  4 hydras
  2 two-headed ogres
  A catoblepas (Lair:4)
  A death yak (Lair:2)
  2 orc high priests (Orc:1)
  A skeletal warrior (D:11)
  Nergalle (Orc:1)
  Amaemon (D:9)
  Lodul (D:10)
  An orc knight (Orc:1)
  A wolf spider (Gauntlet)
  An oklob plant (Lair:2)
  2 orc sorcerers (Orc:1)
  2 cyclopes
  37 elephants
  Maurice (D:11)
  4 black mambas
  An orange demon (D:9)
  14 cane toads
  Maggie (D:8)
  Psyche (D:8)
  7 komodo dragons
  A tyrant leech (Lair:2)
  3 trolls (Orc:1)
  8 polar bears
  A queen bee (Gauntlet)
  7 hornets
  18 blink frogs
  3 slime creatures (Gauntlet)
  13 dream sheep
  13 spriggans (Lair:5)
  A shadow (D:11)
  2 wraiths (D:10)
  A vampire (D:10)
  2 jumping spiders
  54 yaks
  5 wyverns
  4 basilisks
  11 vampire mosquitoes
  2 steam dragons
  2 swamp worms (Lair:2)
  2 wargs (Orc:1)
  10 water moccasins
  Duvessa (D:6)
  Pargi (Sewer)
  13 orc warriors
  3 ice beasts (D:8)
  3 black bears
  25 wolves
  4 boggarts (Lair:5)
  6 centaurs
  8 ogres
  2 phantoms
  2 kobold brigands
  4 necrophages
  12 bullfrogs
  A gnoll sergeant (D:9)
  3 scorpions (D:4)
  16 wights
  Dowan (D:6)
  A hornet simulacrum (D:8)
  10 killer bees
  3 electric eels
  2 hounds
  5 jellies
  16 orc priests
  6 iguanas
  14 orc wizards
  7 hell rats (Lair:3)
  6 gnolls
  A river rat (D:8)
  6 adders
  A shadow imp (D:5)
  8 white imps
  3 ufetubi (D:5)
  3 worms
  2 dart slugs
  59 orcs
  8 bats
  10 endoplasms
  6 giant cockroaches
  2 hobgoblins (D:4)
  2 jackals (D:1)
  6 quokkas
  4 ball pythons
  2 frilled lizards
  3 goblins (D:4)
  21 kobolds
  11 rats
589 creatures vanquished.

Vanquished Creatures (collateral kills)
  An orc warlord (Orc:1)
  An orc sorcerer (Orc:1)
  A warg (Orc:1)
  An orc warrior (Orc:1)
  An ogre (Orc:1)
  An orc (Orc:1)
6 creatures vanquished.

Vanquished Creatures (others)
  A dream sheep (Lair:4)
  A bullfrog (Lair:2)
  An orc priest (Orc:1)
  An orc (Orc:1)
  2 bushes (D:10)
  17 demonic plants
  20 fungi
  95 plants
  5 withered plants (D:2)
143 creatures vanquished.

Grand Total: 738 creatures vanquished

Notes
Turn   | Place    | Note
-------+----------+-------------------------------------------
     0 | D:1      | greasedhog the Gargoyle Monk began the quest for the Orb.
     0 | D:1      | Reached XP level 1. HP: 14/14 MP: 1/1
   384 | D:1      | Reached XP level 2. HP: 19/19 MP: 2/2
  1263 | D:2      | Reached XP level 3. HP: 21/23 MP: 3/3
  1355 | D:2      | Found a faded altar of an unknown god.
  1648 | D:3      | Found a hazy altar of Hepliaklqana.
  1691 | D:3      | Found a hide-covered altar of Uskayaw.
  1825 | D:3      | Reached XP level 4. HP: 28/28 MP: 4/4
  1835 | D:3      | Found a glowing drain.
  1839 | Sewer    | Entered a sewer
  1868 | Sewer    | Noticed Pargi
  1882 | Sewer    | Killed Pargi
  1883 | Sewer    | Reached skill level 5 in Maces & Flails
  1883 | Sewer    | Reached XP level 5. HP: 31/32 MP: 5/5
  2359 | D:3      | Reached XP level 6. HP: 24/37 MP: 6/6
  2843 | D:4      | Reached XP level 7. HP: 41/41 MP: 7/7
  2993 | D:4      | Found a staircase to the Ecumenical Temple.
  3081 | Temple   | Entered the Ecumenical Temple
  3327 | Temple   | Became a worshipper of Qazlal Stormbringer
  3327 | Temple   | Reached * piety under Qazlal
  3327 | Temple   | Reached ** piety under Qazlal
  3397 | D:4      | Found Majinyu's Elemental Accessories.
  3563 | D:5      | Entered Level 5 of the Dungeon
  3862 | D:5      | Reached skill level 5 in Dodging
  3862 | D:5      | Reached XP level 8. HP: 46/46 MP: 8/8
  3899 | D:5      | Reached skill level 1 in Invocations
  4072 | D:5      | Reached skill level 1 in Evocations
  4205 | D:5      | HP: 1/46 [orc warrior/+0 scimitar (12)]
  4496 | D:6      | Reached *** piety under Qazlal
  4534 | D:6      | Noticed Dowan
  4546 | D:6      | Noticed Duvessa
  4562 | D:6      | Killed Duvessa
  4563 | D:6      | Reached XP level 9. HP: 51/51 MP: 10/12
  4568 | D:6      | Killed Dowan
  4693 | D:6      | Found Qolok's Magic Scroll Boutique.
  4696 | D:6      | Bought a scroll of teleportation for 39 gold pieces
  4696 | D:6      | Bought a scroll of identify for 26 gold pieces
  4696 | D:6      | Bought a scroll of teleportation for 39 gold pieces
  4696 | D:6      | Bought a scroll of enchant armour for 97 gold pieces
  5184 | D:6      | Reached skill level 5 in Invocations
  6130 | D:7      | Reached skill level 5 in Evocations
  6134 | D:7      | Reached **** piety under Qazlal
  6150 | D:8      | Reached XP level 10. HP: 54/56 MP: 14/14
  6165 | D:8      | Reached skill level 10 in Maces & Flails
  6169 | D:8      | Identified the +2 pair of gloves "Batah" {Contam +Blink
                  | rC++ rN+}
  6219 | D:8      | Got the Almanac of Curses
  6317 | D:8      | Paralysed by a wight for 4 turns
  6328 | D:8      | Paralysed by a wight for 3 turns
  6619 | D:8      | Noticed Maggie
  6651 | D:8      | Killed Maggie
  7094 | D:8      | Found a staircase to the Lair.
  7170 | D:9      | Noticed a two-headed ogre
  7177 | D:9      | Killed a two-headed ogre
  7178 | D:9      | Reached XP level 11. HP: 60/60 MP: 17/17
  7547 | D:9      | Noticed a cyclops
  7550 | D:9      | Killed a cyclops
  7757 | D:9      | Noticed Amaemon
  7774 | D:9      | Killed Amaemon
  8226 | D:9      | Noticed Psyche
  8267 | D:8      | Killed Psyche
  8385 | D:10     | Entered Level 10 of the Dungeon
  8404 | D:10     | Reached ***** piety under Qazlal
  8626 | D:10     | Reached skill level 10 in Invocations
  8758 | D:10     | Noticed Lodul
  8776 | D:10     | Reached skill level 1 in Armour
  8791 | D:10     | Killed Lodul
  8792 | D:10     | Reached skill level 4 in Fighting
  8835 | D:10     | Found a staircase to the Orcish Mines.
  9026 | D:10     | Found a glowing golden altar of the Shining One.
  9321 | D:11     | Noticed Maurice
  9333 | D:11     | Killed Maurice
  9334 | D:11     | Reached XP level 12. HP: 53/67 MP: 19/19
  9369 | D:11     | Reached skill level 5 in Fighting
  9840 | Lair:1   | Entered Level 1 of the Lair of Beasts
 10035 | Lair:1   | Reached skill level 6 in Fighting
 10062 | Lair:1   | Reached skill level 5 in Armour
 10084 | Lair:1   | Noticed a boulder beetle
 10313 | Lair:1   | Killed a boulder beetle
 10504 | Lair:1   | Noticed a four-headed hydra
 10514 | Lair:1   | Killed a four-headed hydra
 10515 | Lair:1   | Reached skill level 7 in Fighting
 10557 | Lair:1   | Noticed Fannar
 10586 | Lair:1   | Killed Fannar
 10587 | Lair:1   | Reached skill level 10 in Evocations
 10685 | Lair:1   | Noticed a five-headed hydra
 10690 | Lair:1   | Killed a five-headed hydra
 10736 | Lair:1   | Reached skill level 1 in Shields
 10754 | Lair:1   | Reached skill level 8 in Fighting
 11077 | Lair:2   | Reached XP level 13. HP: 78/78 MP: 20/20
 11282 | Lair:2   | Identified the +0 pair of boots "Roujeami" {rC+}
 11589 | Lair:2   | Reached skill level 9 in Fighting
 11726 | Lair:2   | Found a staircase to the Swamp.
 12061 | Lair:2   | Reached skill level 5 in Shields
 12145 | Lair:2   | Reached skill level 10 in Fighting
 12246 | Lair:3   | Found a hole to the Spider Nest.
 12816 | Lair:4   | Reached skill level 10 in Armour
 12819 | Lair:4   | Gained mutation: Your large and strong wings let you fly.
                  | [Gargoyle growth]
 12819 | Lair:4   | Reached XP level 14. HP: 61/88 MP: 21/21
 12854 | Lair:4   | Reached skill level 11 in Fighting
 13183 | Lair:4   | Found a staircase to the Slime Pits.
 13183 | Lair:4   | Found a viscous altar of Jiyva.
 13319 | Lair:4   | Found a gate leading to a gauntlet.
 13329 | Gauntlet | Entered a Gauntlet
 13329 | Gauntlet | Found a transporter.
 13329 | Gauntlet | Found a large runed translucent door.
 13329 | Gauntlet | Found a large runed translucent door.
 13329 | Gauntlet | Found a large runed translucent door.
 13329 | Gauntlet | Found a large runed translucent door.
 13329 | Gauntlet | Found a runed translucent door.
 13329 | Gauntlet | Found a runed translucent door.
 13329 | Gauntlet | Found a large runed translucent door.
 13329 | Gauntlet | Found a large runed translucent door.
 13329 | Gauntlet | Found a large runed translucent door.
 13329 | Gauntlet | Found a large runed translucent door.
 13329 | Gauntlet | Found a large runed translucent door.
 13329 | Gauntlet | Found a large runed translucent door.
 13330 | Gauntlet | Found a large runed translucent door.
 13330 | Gauntlet | Found a large runed translucent door.
 13340 | Gauntlet | Found a large runed translucent door.
 13340 | Gauntlet | Found a large runed translucent door.
 13350 | Gauntlet | Found a transporter.
 13355 | Gauntlet | Found a transporter.
 13360 | Gauntlet | Found a transporter.
 13382 | Gauntlet | Found a transporter.
 13396 | Gauntlet | Found a transporter.
 13418 | Gauntlet | Found a transporter.
 13424 | Gauntlet | Found a transporter.
 13439 | Gauntlet | Found a transporter.
 13441 | Gauntlet | Noticed an entropy weaver
 13444 | Gauntlet | Found a transporter.
 13459 | Gauntlet | Found a transporter.
 13471 | Gauntlet | Found a transporter.
 13477 | Gauntlet | Found a transporter.
 13477 | Gauntlet | Found a transporter.
 13516 | Gauntlet | Found a transporter.
 13534 | Gauntlet | Found a large runed translucent door.
 13535 | Gauntlet | Found a large runed translucent door.
 13539 | Gauntlet | Found a runed translucent gate.
 13539 | Gauntlet | Found a runed translucent gate.
 13539 | Gauntlet | Found a runed translucent gate.
 13568 | Gauntlet | Found a transporter.
 13570 | Gauntlet | Found a transporter.
 13622 | Gauntlet | Identified the +1 pair of boots "Goteucast" {rF++ SInv}
 13639 | Gauntlet | Found a transporter.
 13802 | Gauntlet | Killed an entropy weaver
 14087 | Lair:4   | Reached skill level 12 in Fighting
 14376 | Lair:5   | Entered Level 5 of the Lair of Beasts
 14506 | Lair:5   | Reached skill level 10 in Shields
 14728 | Lair:5   | Reached skill level 13 in Fighting
 15003 | Lair:5   | Reached XP level 15. HP: 85/99 MP: 22/22
 16064 | Orc:1    | Entered Level 1 of the Orcish Mines
 16064 | Orc:1    | Noticed an orc warlord
 16076 | Orc:1    | Killed an orc warlord
 16077 | Orc:1    | Reached skill level 14 in Fighting
 16205 | Orc:1    | Found Gaf Cur's Armour Shoppe.
 16226 | Orc:1    | Noticed Nergalle
 16231 | Orc:1    | Noticed purpskrrrp's ghost (adept FoFi)
 16239 | Orc:1    | Killed Nergalle
 16290 | Orc:1    | Bought a +2 helmet of see invisible for 322 gold pieces
 16313 | Orc:1    | Found a transporter.
 16342 | Orc:1    | Found a transporter.
 16465 | Orc:1    | Found Figun's Weapon Boutique.
 16764 | Orc:1    | HP: 5/151 [purpskrrrp's ghost (3)]
 16765 | Orc:1    | Gained mutation: Your spells are a little harder to cast,
                  | but a little more powerful. [potion of mutation]
 16765 | Orc:1    | Gained mutation: Your flesh is cold resistant. (rC+)
                  | [potion of mutation]
 16765 | Orc:1    | Gained mutation: You passively dampen the noise of your
                  | surroundings. [potion of mutation]
 16765 | Orc:1    | Gained mutation: You are somewhat resistant to further
                  | mutation. [potion of mutation]
 16767 | Orc:1    | Slain by purpskrrrp's ghost

Illustrated notes

Levels and vault maps discovered:
D:1:      onia_arrival_handbag, layout_loops_corners
D:2:      layout_rooms, shapermc_ecumenical_altar_gd
D:3:      layout_loops_ring, mainiacjoe_overflow_tiny_flanked,
          mainiacjoe_overflow_alcove_4, gup_sewer_entry_spiral,
          kennysheep_orc_chapel
D:4:      layout_basic, minmay_temple_entry_butterflies, nicolae_elemental_shop,
          kennysheep_potato
D:5:      layout_cave_pools, kennysheep_generic_room_6
D:6:      layout_loops_ring, serial_rivers, chequers_serial_rivers_small_b,
          chequers_serial_rivers_micro_a, chequers_serial_rivers_micro_a,
          chequers_serial_rivers_large_b, serial_shops, kennysheep_mini,
          uniq_duvessa
D:7:      layout_loops_cross
D:8:      nicolae_whirlpool, layout_basic, david_lair_shrubbed, serial_ice,
          serial_ice_i, serial_ice_o, serial_ice_d, serial_ice_g,
          kennysheep_opposing_triangles, uniq_maggie
D:9:      layout_long_grid, uniq_amaemon, uniq_psyche
D:10:     layout_basic, overflow_temple_1_default, orc_0_dummy,
          kennysheep_boxes, uniq_lodul
D:11:     layout_loops_corners, nicolae_concentric_dashed_squares_mild,
          uniq_maurice
Temple:   compressed_dpeg_triangle_lava_temple
Lair:1:   layout_regular_city, pond, uniq_fannar
Lair:2:   nzn_winding_woodlands_small [nzn_winding_woodlands_5x15_cabin,
          nzn_winding_woodlands_center_diamonds,
          nzn_winding_woodlands_5x15_eye], layout_chaotic_city,
          minmay_swamp_entry_worms
Lair:3:   layout_cave_shapes, spider_nest_entry_a, beast_lair_carwin_6,
          lemuel_fruit_tree, grunt_megastairs_4
Lair:4:   layout_long_grid, nicolae_slime_entry_slimehenge,
          gauntlet_entry_generic, nicolae_lair_grazing_beasts
          [nicolae_sub_lair_graze_edge, nicolae_sub_lair_graze_edge,
          nicolae_sub_lair_graze_edge, nicolae_sub_lair_graze_edge],
          infiniplex_staircase_pool
Lair:5:   minmay_lair_end_enchanted_forest, layout_layer_cave
Orc:1:    layout_caves, serial_shops, nicolae_shop_advertising_works
          [nicolae_subvault_shop_adworks], shop, gammafunk_ghost_arena,
          uniq_nergalle

Skill      XL: |  1  2  3  4  5  6  7  8  9 10 11 12 13 14 15 |
---------------+----------------------------------------------+-----
Maces & Flails | 4 5 6 7 8 9 11 12 | 12.0
Dodging        | 3 4 5 6 7 |  7.7
Invocations    | 4 6 8 10 | 10.0
Evocations     | 3 5 7 8 10 | 10.2
Armour         | 3 7 10 | 10.0
Fighting       | 4 8 10 13 14 | 14.5
Shields        | 2 7 10 | 10.0
Stealth        | |  2.1

Action                   |  1- 3 |  4- 6 |  7- 9 | 10-12 | 13-15 || total
-------------------------+-------+-------+-------+-------+-------++-------
Melee: Mace              |   131 |   180 |   207 |    38 |       ||   556
       Punch             |       |     2 |     4 |       |       ||     6
       Whip              |       |       |   240 |   321 |       ||   561
       Demon whip        |       |       |       |   437 |   957 ||  1394
       Unarmed           |       |       |       |     1 |       ||     1
Throw: Dart              |       |     2 |       |       |     1 ||     3
Invok: Upheaval          |       |       |       |     6 |    11 ||    17
       Disaster Area     |       |       |       |       |     4 ||     4
       Elemental Force   |       |       |       |       |     3 ||     3
Evoke: Wand              |       |       |     5 |    26 |       ||    31
  Use: Scroll            |     5 |     2 |     5 |     4 |     3 ||    19
       Potion            |       |       |     2 |       |     7 ||     9
 Stab: Sleeping          |     7 |     1 |       |       |       ||     8
       Distracted        |       |       |     2 |       |       ||     2
       Petrified         |       |       |       |       |     5 ||     5
       Petrifying        |       |       |       |       |     1 ||     1
Armor: Robe              |    18 |       |       |       |       ||    18
       Chain mail        |    50 |    27 |       |       |       ||    77
       Troll leather arm |       |    68 |   134 |    42 |       ||   244
       Steam dragon scal |       |       |       |   110 |       ||   110
       Skin              |       |       |       |     5 |     1 ||     6
       Plate armour      |       |       |       |    20 |   561 ||   581
Dodge: Dodged            |    53 |   116 |   246 |   203 |   262 ||   880
       Repelled          |       |       |       |     2 |     1 ||     3
Block: Other             |       |       |    12 |     2 |       ||    14
       Buckler           |       |       |    62 |   363 |   591 ||  1016
       Reflection        |       |       |       |    12 |       ||    12

Table legend: (Time is in decaauts)
 A = Elapsed time spent in this place.
 B = Non-inter-level travel time spent in this place.
 C = Inter-level travel time spent in this place.
 D = Time resting spent in this place.
 E = Time spent auto-exploring this place.
 F = Levels seen in this place.
 G = Mean time per level.
                   A        B        C        D        E       F      G
               +--------+--------+--------+--------+--------+-----+--------+
         Total |  16114 |  15264 |    850 |    477 |  10650 |  20 |  805.7 |
       Dungeon |   9813 |   9253 |    560 |    386 |   6393 |  11 |  892.1 |
        Temple |    251 |    235 |     16 |      0 |    222 |   1 |  251.0 |
          Lair |   4730 |   4489 |    241 |     91 |   3409 |   5 |  946.0 |
  Orcish Mines |    638 |    606 |     32 |      0 |    425 |   1 |  638.0 |
         Sewer |    106 |    106 |      0 |      0 |     52 |   1 |  106.0 |
      Gauntlet |    574 |    574 |      0 |      0 |    149 |   1 |  574.0 |
               +--------+--------+--------+--------+--------+-----+--------+

Top non-repeatable levels by time:
     D:8: 1430 daAuts
  Lair:5: 1368 daAuts
     D:1: 1247 daAuts
     D:9: 1201 daAuts
     D:6: 1065 daAuts
  Lair:2: 1023 daAuts
    D:10: 942 daAuts
     D:3: 930 daAuts
  Lair:4: 912 daAuts
  Lair:1: 801 daAuts
     D:7: 764 daAuts
     D:4: 757 daAuts
     D:5: 676 daAuts
   Orc:1: 638 daAuts
  Lair:3: 624 daAuts
